 Dungeon Crawl Stone Soup version 0.19.1-1-g22dce08 (webtiles) character file.

1178 Gargoyl the Chopper (level 8, -3/69 HPs)
             Began as a Ghoul Abyssal Knight on Jan 11, 2017.
             Was a Priest of Lugonu.
             Slain by a hell rat (12 damage)
             ... on level 5 of the Dungeon.
             The game lasted 00:09:49 (4639 turns).

Gargoyl the Chopper (Ghoul Abyssal Knight)          Turns: 4639, Time: 00:09:50

Health: -3/69      AC: 13    Str: 16    XL:     8   Next: 41%
Magic:  8/8        EV:  7    Int:  7    God:    Lugonu [***...]
Gold:   207        SH:  0    Dex: 10    Spells: 0 memorised, 7 levels left

rFire  . . .     SeeInvis .     u - +0 war axe
rCold  + . .     Gourm    .     t - +0 chain mail
rNeg   + + +     Faith    .     (no shield)
rPois  ∞         Spirit   .     h - +2 hat
rElec  .         Reflect  .     f - +0 cloak
rCorr  .         Harm     .     (no gloves)
MR     +....                    (no boots)
Stlth  ..........               (no amulet)
                                (no ring)
                                s - ring of protection from magic

@: rotting
A: rotting body, claws 1, carnivore 3, cold resistance 1, negative energy
resistance 3, slow regeneration 1, torment resistance, unbreathing
a: Depart the Abyss, Bend Space, Banish, Renounce Religion


You were on level 5 of the Dungeon.
You worshipped Lugonu.
Lugonu was most pleased with you.
You were not hungry.

You visited 1 branch of the dungeon, and saw 5 of its levels.
You visited the Abyss 1 time.

You collected 207 gold pieces.

Inventory:

Hand Weapons
 a - a +1 hand axe
 u - a +0 war axe (weapon)
Missiles
 y - 9 tomahawks (quivered)
Armour
 e - a +0 helmet
 f - a +0 cloak (worn)
 h - a +2 hat (worn)
 t - a +0 chain mail (worn)
Jewellery
 s - a ring of protection from magic (left claw)
Wands
 i - a wand of digging (15/24)
 w - a wand of paralysis (14/24)
Scrolls
 b - 5 scrolls of identify
 d - 3 scrolls of amnesia
 j - a scroll of teleportation
 r - a scroll of blinking
Potions
 k - a potion of degeneration {unknown}
 l - a potion of resistance
 m - a potion of cure mutation
 n - a potion of brilliance {unknown}
 o - a potion of agility
 q - a potion of ambrosia {unknown}
 x - a potion of curing
 z - 2 potions of cancellation {unknown}
Comestibles
 c - 5 meat rations
 g - a beef jerky
 p - a slice of pizza


   Skills:
 + Level 5.4 Fighting
 + Level 6.0 Axes
 + Level 5.2 Armour
 + Level 2.5 Dodging
 + Level 0.2 Stealth
 + Level 2.1 Invocations


You had 7 spell levels left.
You didn't know any spells.

Dungeon Overview and Level Annotations

Branches:
Dungeon (5/15)             Temple (0/1) D:5

Altars:
Elyvilon
Hepliaklqana
Ru


Innate Abilities, Weirdness & Mutations

Your body is rotting away.
You thrive on raw meat.
You are immune to poison.
You have sharp fingernails.
You are carnivorous and can eat meat at any time.
Your flesh is cold resistant. (rC+)
You are immune to negative energy. (rN+++)
You regenerate slowly when monsters are visible.
You are immune to unholy pain and torment.
You can survive without breathing.


Message History

The hell rat is moderately wounded.
The hell rat bites you but does no damage.
You closely miss the hell rat.
The hell rat is moderately wounded.
The hell rat bites you but does no damage.
The hell rat barely misses you.
You closely miss the hell rat.
The hell rat is moderately wounded.
The hell rat bites you.
A hell rat comes into view.
The hell rat roars deafeningly!
You hit the hell rat.
The hell rat is moderately wounded.
The hell rat bites you. The hell rat bites you!
* * * LOW HITPOINT WARNING * * *
An iguana comes into view.
Your chain mail prevents you from hitting the hell rat.
The hell rat is moderately wounded.
The hell rat bites you!
You die...

#.####
#####
#.##
##.#
#.##
##.#
#.##
##.#
##.#
#@##
#r#
#h#
.r.
#).
#r.#
.##. l
#


You could see an iguana, 2 hell rats, a jackal and a rat.

Vanquished Creatures
  Sigmund (D:3)
  The ghost of mrks the Chucker, an amateur OgHu (D:3)
  Eustachio (D:4)
  Edmund (D:4)
  Duvessa (D:5)
  Dowan (D:5)
  An orc priest (D:4)
  Crazy Yiuf (D:2)
  A bullfrog skeleton (D:5)
  3 orc wizards
  Ijyb (D:2)
  Terence (D:2)
  2 worker ants (D:4)
  6 adders
  3 worms
  2 dart slugs
  A leopard gecko (D:4)
  15 orcs
  5 giant cockroaches
  7 goblins
  5 hobgoblins
  10 jackals
  5 quokkas
  3 ball pythons
  5 bats
  4 frilled lizards
  A jackal skeleton (D:5)
  6 kobolds
  A leopard gecko skeleton (D:5)
  15 rats
110 creatures vanquished.

Notes
Turn   | Place    | Note
-------+----------+-------------------------------------------
     0 | Abyss:1  | Gargoyl the Ghoul Abyssal Knight began the quest for the Orb.
     0 | Abyss:1  | Reached XP level 1. HP: 19/19 MP: 1/1
    62 | Abyss:1  | Noticed a large abomination
    90 | Abyss:2  | Noticed a rust devil
    94 | D:1      | Escaped the Abyss
   214 | D:1      | Reached skill level 1 in Dodging
   331 | D:1      | Reached XP level 2. HP: 15/25 MP: 2/2
   333 | D:1      | Reached * piety under Lugonu
   999 | D:2      | Reached skill level 2 in Axes
   999 | D:2      | Reached XP level 3. HP: 18/33 MP: 3/3
  1084 | D:2      | Noticed Ijyb
  1107 | D:2      | Killed Ijyb
  1107 | D:2      | Reached XP level 4. HP: 35/40 MP: 4/4
  1317 | D:2      | Found a white marble altar of Elyvilon.
  1380 | D:2      | Noticed Terence
  1398 | D:2      | Killed Terence
  1481 | D:2      | Found a runed door.
  1796 | D:2      | Noticed Crazy Yiuf
  1817 | D:2      | Killed Crazy Yiuf
  1817 | D:2      | Reached XP level 5. HP: 30/46 MP: 5/5
  1948 | D:2      | Reached skill level 3 in Axes
  1966 | D:3      | Noticed mrks's ghost (amateur OgHu)
  1975 | D:3      | Noticed Sigmund
  2085 | D:3      | Found a sacrificial altar of Ru.
  2163 | D:3      | Killed Sigmund
  2163 | D:3      | Reached XP level 6. HP: 21/53 MP: 6/6
  2806 | D:3      | Reached ** piety under Lugonu
  2897 | D:3      | Reached skill level 4 in Axes
  3140 | D:3      | HP: 2/53 [mrks's ghost (9)]
  3142 | D:3      | Killed mrks's ghost
  3142 | D:3      | Reached XP level 7. HP: 3/60 MP: 7/7
  3294 | D:3      | Found a hazy altar of Hepliaklqana.
  3567 | D:4      | Reached skill level 5 in Fighting
  3879 | D:4      | Noticed Edmund
  3906 | D:4      | Killed Edmund
  3906 | D:4      | Reached skill level 5 in Axes
  3951 | D:4      | Reached *** piety under Lugonu
  4165 | D:4      | Noticed Eustachio
  4225 | D:4      | Killed Eustachio
  4225 | D:4      | Reached skill level 5 in Armour
  4225 | D:4      | Reached XP level 8. HP: 35/68 MP: 8/8
  4409 | D:5      | Entered Level 5 of the Dungeon
  4409 | D:5      | Found a staircase to the Ecumenical Temple.
  4423 | D:5      | Noticed Duvessa
  4425 | D:5      | Noticed Dowan
  4435 | D:5      | Killed Duvessa
  4463 | D:5      | Killed Dowan
  4463 | D:5      | Reached skill level 6 in Axes
  4639 | D:5      | Slain by a hell rat

Skill      XL: |  1  2  3  4  5  6  7  8 |
---------------+-------------------------+-----
Dodging        | 1 2 |  2.5
Armour         | 2 3 4 5 |  5.2
Axes           | 2 3 4 5 6 |  6.0
Fighting       | 4 5 |  5.4
Stealth        | |  0.2
Invocations    | |  2.1

Action                   |  1- 3 |  4- 6 |  7- 9 || total
-------------------------+-------+-------+-------++-------
Melee: Hand axe          |    99 |   131 |       ||   230
       War axe           |       |    88 |   228 ||   316
Invok: Depart the Abyss  |     1 |       |       ||     1
  Use: Scroll            |     1 |       |    13 ||    14
       Potion            |       |     8 |     1 ||     9
  Eat: Chunk             |    15 |    17 |    24 ||    56
Armor: Leather armour    |    39 |    13 |       ||    52
       Chain mail        |       |   154 |   175 ||   329
Dodge: Dodged            |    61 |   107 |    83 ||   251
